 Dungeon Crawl Stone Soup version 0.15-a0-910-gf78ccf3 (webtiles) character file.

921 Yumemi the Insei (level 8, -3/52 HPs)
             Began as an Octopode Monk on May 19, 2014.
             Was a Believer of Cheibriados.
             Slain by an orc warrior
             ... wielding a +0,+0 trident
              (22 damage)
             ... on Level 6 of the Dungeon.
             The game lasted 00:16:57 (3438 turns).

Yumemi the Insei (Octopode Monk)                    Turns: 3438, Time: 00:16:57

HP  -3/52        AC  5     Str 14      XL: 8   Next: 10%
MP   8/8         EV 18     Int 16      God: Cheibriados [**....]
Gold 268         SH  0     Dex 21      Spells:  0 memorised,  7 levels left

rFire  . . .     SeeInvis .       - Unarmed
rCold  . . .     Clarity  .     (no shield)
rNeg   . . .     Conserve .     (helmet restricted)
rPois  .         rCorr    .     (no amulet)
rElec  .         rRot     .     d - +4 ring of protection
SustAb .         Spirit   .     (no ring)
rMut   .         Warding  .     (no ring)
Gourm  .         Stasis   .     (no ring)
MR     .....                    (no ring)
                                (no ring)
                                (no ring)
                                (no ring)

@: lethally poisoned, very slow, not resistant to hostile enchantments, stealthy
A: almost no armour, amphibious, 8 rings, constrict 8, camouflage 1, gelatinous
body 1
a: Bend Time, Renounce Religion


You were on level 6 of the Dungeon.
You worshipped Cheibriados.
Cheibriados was pleased with you.
You were not hungry.

You visited 2 branches of the dungeon, and saw 7 of its levels.

You collected 268 gold pieces.

Inventory:

Missiles
 g - 8 curare-tipped needles
 s - 8 needles of slowing
Magical devices
 v - a wand of paralysis (4)
 C - a wand of fireball (0)
Comestibles
 b - 2 bread rations
 D - a meat ration
 G - a beef jerky
Scrolls
 a - 9 scrolls of identify
 e - 2 scrolls of blinking
 f - 2 scrolls of remove curse
 h - a scroll of noise {unknown}
 i - 4 scrolls of enchant weapon I
 k - a scroll of amnesia {unknown}
 l - 2 scrolls of immolation
 p - a scroll of fog {unknown}
 r - a scroll of enchant armour
 w - a scroll of fear {unknown}
 x - a scroll of recharging {unknown}
 y - 3 scrolls of enchant weapon II
 z - a scroll of magic mapping {unknown}
 H - a scroll of teleportation
Jewellery
 d - a +4 ring of protection (left tentacle)
 m - an uncursed ring of fire
 F - an uncursed ring of fire
Potions
 c - a potion of mutation {unknown}
 j - a potion of invisibility
 n - a potion of curing
 o - a potion of brilliance {unknown}
 q - a potion of restore abilities
 t - a potion of degeneration {unknown}
 u - a potion of agility {unknown}
 A - 2 potions of heal wounds
 B - a potion of cure mutation
 E - a potion of paralysis {unknown}
Books
 I - a book of Maledictions

   Spells                             Type                      Level
   Corona                             Hexes                        1
   Sure Blade                         Hexes/Charms                 2
   Ensorcelled Hibernation            Hexes/Ice                    2
   Confuse                            Hexes                        3
   Dazzling Spray                     Conjuration/Hexes            3
   Enslavement                        Hexes                        4


   Skills:
 - Level 3.0 Fighting
 + Level 6.6 Dodging
 + Level 5.2 Stealth
 + Level 7.2 Unarmed Combat


You had 7 spell levels left.
You didn't know any spells.

Dungeon Overview and Level Annotations

Branches:
Dungeon (6/15)             Temple (1/1) D:6

Altars:
Ashenzari
Cheibriados
Dithmenos
Fedhas
Kikubaaqudgha
Makhleb
Nemelex Xobeh
Okawaru
Qazlal
Sif Muna
Vehumet
Xom
Yredelemnul
Zin

Annotations:
D:4 Eustachio


Innate Abilities, Weirdness & Mutations

You cannot wear most types of armour.
You are amphibious.
You can wear up to eight rings at the same time.
You can use your tentacles to constrict many enemies at once.
Your skin changes colour to match your surroundings (Stealth).
Your rubbery body absorbs attacks (AC +1).


Message History

Press: ? - help, Shift-Dir - straight line, f - orc warrior
Aim: an orc warrior, wielding a trident and wearing a chain mail The orc warrior resists.
The orc warrior hits you from afar with a trident.
Evoke which item? (* to show all) (? for menu, Esc to quit)
Zapping:
v - a wand of paralysis {zapped: 5}
Press: ? - help, Shift-Dir - straight line, f/p - orc warrior
Aim: an orc warrior, wielding a trident and wearing a chain mail The orc warrior resists.
You feel sick.
The orc warrior hits you from afar with a trident!
An orc comes into view. It is wielding a dagger.
You feel sick.
The orc shouts!
The orc warrior misses you. The orc closely misses you.
You feel sick.
An orc wizard comes into view. It is wielding a dagger.
The orc hits you with a flail.
The orc warrior hits you from afar with a trident!
You die...

# # # # #######
############# #......
............########
#.#####
###########.....@.>####
##### #......o....#
#....
#...####o##.####....###
#...#............. #
#####
##.#..#.##.##.####. #
...# #>##.......##.# #
####.####..#......o...#
#
#.............###..%..#
# .......##.##..#
#.#.#.#


You could see an orc warrior and an orc.

Vanquished Creatures
  A water moccasin (D:5)
  An orc warrior (D:6)
  A giant frog (D:6)
  A jelly (D:6)
  A crimson imp (D:5)
  2 hounds (D:6)
  An orc wizard (D:6)
  An iguana (D:4)
  7 worker ants
  Ijyb (D:4)
  Terence (D:3)
  A hound skeleton (D:4)
  8 adders
  2 shadow imps (D:6)
  A giant mite (D:4)
  3 worms
  2 iguana skeletons (D:5)
  7 giant geckos
  An ooze (D:2)
  6 orcs
  2 ball pythons
  6 giant cockroaches
  5 goblins
  12 hobgoblins
  10 jackals
  10 kobolds
  3 quokkas
  14 bats
  A giant gecko skeleton (D:4)
  A giant gecko zombie (D:5)
  6 giant newts
  A hobgoblin zombie (D:6)
  A jackal zombie (D:6)
  2 kobold zombies
  An orc skeleton (D:4)
  14 rats
138 creatures vanquished.

Vanquished Creatures (others)
  A hobgoblin (D:1)
1 creature vanquished.

Grand Total: 139 creatures vanquished

Notes
Turn   | Place    | Note
--------------------------------------------------------------
     0 | D:1      | Yumemi, the Octopode Monk, began the quest for the Orb.
     0 | D:1      | Reached XP level 1. HP: 16/16 MP: 1/1
   115 | D:1      | Reached XP level 2. HP: 2/21 MP: 2/2
   152 | D:1      | HP: 1/21 [kobold/ dart (1)]
   547 | D:2      | Reached XP level 3. HP: 13/26 MP: 3/3
  1075 | D:2      | Reached XP level 4. HP: 23/31 MP: 4/4
  1172 | D:3      | Found a radiant altar of Vehumet.
  1172 | D:3      | Found a shimmering altar of Xom.
  1172 | D:3      | Found a deep blue altar of Sif Muna.
  1181 | D:3      | Found a glowing silver altar of Zin.
  1257 | D:3      | Found a stormy altar of Qazlal.
  1340 | D:3      | Noticed Terence
  1356 | D:3      | Killed Terence
  1356 | D:3      | Reached skill level 5 in Unarmed Combat
  1502 | D:3      | Reached XP level 5. HP: 36/36 MP: 5/5
  1700 | D:3      | Found a burning altar of Makhleb.
  1790 | D:4      | Noticed Eustachio
  1946 | D:4      | Reached skill level 5 in Dodging
  1977 | D:4      | Reached XP level 6. HP: 38/42 MP: 6/6
  2188 | D:4      | Noticed Ijyb
  2194 | D:4      | Killed Ijyb
  2306 | D:5      | Entered Level 5 of the Dungeon
  2369 | D:5      | Reached skill level 6 in Unarmed Combat
  2486 | D:5      | Noticed a water moccasin
  2705 | D:5      | Reached XP level 7. HP: 38/46 MP: 7/7
  2758 | D:5      | Killed a water moccasin
  3227 | D:6      | Reached skill level 7 in Unarmed Combat
  3272 | D:6      | Reached skill level 5 in Stealth
  3272 | D:6      | Reached XP level 8. HP: 52/52 MP: 8/8
  3305 | D:6      | Found a staircase to the Ecumenical Temple.
  3315 | Temple   | Entered the Ecumenical Temple
  3366 | Temple   | Became a worshipper of Cheibriados the Contemplative
  3438 | D:6      | Slain by an orc warrior

Action                   |  1- 3 |  4- 6 |  7- 9 || total
-------------------------+-------+-------+-------++-------
Melee: Unarmed           |    86 |   167 |    76 ||   329
Evoke: Wand              |       |     3 |     8 ||    11
  Use: Scroll            |     1 |     7 |     1 ||     9
       Potion            |       |     4 |       ||     4
 Stab: Sleeping          |     8 |    12 |     1 ||    21
       Paralysed         |       |     8 |     9 ||    17
